 Dungeon Crawl Stone Soup version 0.20.1-1-g8b1a95d (webtiles) character file.

49 Kingsmith the Magician (level 3, -4/19 HPs)
             Began as a Deep Elf Conjurer on Dec 11, 2017.
             Slain by a hornet zombie (9 damage)
             ... on level 4 of the Dungeon.
             The game lasted 00:02:04 (1833 turns).

Kingsmith the Magician (Deep Elf Conjurer)          Turns: 1833, Time: 00:02:05

Health: -4/19      AC:  4    Str:  6    XL:     3   Next: 53%
Magic:  2/11       EV: 13    Int: 19    God:
Gold:   97         SH:  0    Dex: 15    Spells: 9/12 levels left

rFire    . . .     SeeInvis .   (no weapon)
rCold    . . .     Gourm    .   (no shield)
rNeg     . . .     Faith    .   a - +0 robe
rPois    .         Spirit   .   (no helmet)
rElec    .         Reflect  .   g - +0 cloak
rCorr    .         Harm     .   f - +0 pair of gloves {archery}
MR       .....                  (no boots)
Stlth    ++........             (no amulet)
Regen    0.1/turn               (no ring)
MPRegen  0.2/turn               (no ring)

@: no status effects
A: no striking features
a: no special abilities


You were on level 4 of the Dungeon.
You were hungry.

You visited 1 branch of the dungeon, and saw 4 of its levels.

You collected 97 gold pieces.

Inventory:

Armour
 a - a +0 robe (worn)
 f - a +0 pair of gloves of archery (worn)
 g - a +0 cloak (worn)
Jewellery
 e - an uncursed ring of protection from cold {unknown}
 l - an uncursed ring of see invisible {unknown}
 p - an uncursed amulet of guardian spirit {unknown}
Scrolls
 i - 5 scrolls of identify {unknown}
 m - a scroll of fear {unknown}
 n - 3 scrolls of teleportation {unknown}
 q - a scroll of amnesia {unknown}
 r - 2 scrolls of remove curse {unknown}
 s - a scroll of recharging {unknown}
Potions
 h - 2 potions of brilliance {unknown}
 j - 2 potions of might {unknown}
 o - a potion of heal wounds {unknown}
 t - a potion of lignification {unknown}
Books
 b - a book of Conjurations

   Spells                             Type                      Level
   a - Magic Dart                     Conjuration                  1
   b - Searing Ray                    Conjuration                  2
   c - Dazzling Spray                 Conjuration/Hexes            3
   d - Fulminant Prism                Conjuration/Hexes            4
   e - Force Lance                    Conjuration/Translocation    4
   f - Iskenderun's Mystic Blast      Conjuration                  4
Comestibles
 c - 5 bread rations
 d - 2 fruits
 k - 2 royal jellies


   Skills:
 - Level 2.4 Dodging
 - Level 2.4 Stealth
 + Level 5.4 Spellcasting
 - Level 4.3 Conjurations


You had 9 spell levels left.
You knew the following spells:

 Your Spells              Type           Power        Failure   Level  Hunger
a - Magic Dart            Conj           ###.         1%          1    None
b - Searing Ray           Conj           ###...       3%          2    None


Dungeon Overview and Level Annotations

Branches:
Dungeon (3/15)

Altars:


Message History

The hornet zombie is moderately damaged.
The hornet zombie hits you.
The searing ray hits the hornet zombie.
The hornet zombie is heavily damaged.
You finish channeling your searing ray.
The hornet zombie misses you.
Casting: Searing Ray
Confirm with . or Enter, or press ? or * to list all spells.
Aiming: Searing Ray
Press: ? - help, Shift-Dir - straight line, f/p - hornet zombie
Aim: a hornet zombie (heavily damaged)
The searing ray hits the hornet zombie.
The hornet zombie is heavily damaged. (Press . to maintain the ray.)
The hornet zombie hits you.
The searing ray hits the hornet zombie.
The hornet zombie is heavily damaged.
The hornet zombie hits you.
* * * LOW HITPOINT WARNING * * *
The hornet zombie hits you!
You die...

.#................#....#
.#..........##....#....#
.#....#####+##....#....#
.#....##....##....+....#
.#................#....+
.#..........####'##.$.[#
#....#######..........#
###### ........Z.....#
.......@......#
.................
.................
####.............
#######....... ....##+
....# ...#


You could see a hornet zombie.

Vanquished Creatures
  An adder (D:2)
  An ooze (D:2)
  A worm (D:2)
  3 leopard geckos
  4 bats
  2 giant cockroaches (D:2)
  5 goblins
  5 hobgoblins
  2 ball pythons
  A frilled lizard (D:2)
  A kobold (D:2)
  4 rats
30 creatures vanquished.

Notes
Turn   | Place    | Note
-------+----------+-------------------------------------------
     0 | D:1      | Kingsmith the Deep Elf Conjurer began the quest for the Orb.
     0 | D:1      | Reached XP level 1. HP: 10/10 MP: 6/6
   453 | D:1      | Reached XP level 2. HP: 15/15 MP: 5/8
   491 | D:1      | Reached skill level 4 in Spellcasting
   763 | D:2      | Learned a level 2 spell: Searing Ray
  1125 | D:2      | Reached XP level 3. HP: 19/19 MP: 8/11
  1135 | D:2      | Reached skill level 5 in Spellcasting
  1776 | D:3      | You fall through a shaft!
  1833 | D:4      | Slain by a hornet zombie

Skill      XL: |  1  2  3 |
---------------+----------+-----
Spellcasting   | 4 5 |  5.4
Dodging        | |  2.4
Stealth        | |  2.4
Conjurations   | |  4.3

Action                   || total
-------------------------++-------
 Cast: Magic Dart        ||    47
       Searing Ray       ||     7
  Eat: Chunk             ||     2
Armor: Robe              ||     2
Dodge: Dodged            ||     2
